[ AOE2 MATCH · #504640709 ]
UnrankedAztecs vs Celts
Player's team · WIN
Rival team · LOSS
[ REPLAY ANALYSIS · EXTRACTED FROM THE RECORDED GAME ]
Feudal
11:57
Castle
23:14
Imperial
43:21
| APM avg | 48.1 |
| APM peak | 91 |
| eAPM avg | 25.0 |
| Villagers / military | 141 / 183 |
Focus
⚔️ 46.4% · 🌾 53.6%
Jaguar Warrior ×115 · Archer ×30 · Mangonel ×14 · Monk ×7 · Militia ×7 · Eagle Scout ×5
Feudal
9:43
Castle
25:12
Imperial
40:48
| APM avg | 54.8 |
| APM peak | 108 |
| eAPM avg | 22.4 |
| Villagers / military | 103 / 130 |
Focus
⚔️ 28.8% · 🌾 71.2%
Militia ×81 · Skirmisher ×25 · Scorpion ×14 · Archer ×4 · Mangonel ×4 · Battering Ram ×2
Match map
Initial resources + every placement click. Lines = walls · curves = elevation contours. ◆ gold · ⬟ stone · ● berries · ✦ relic · ◌ wall gap
Your base· ✓ Closed at 23:14 · 47t walls · 1 gate(s)
pierrehusson's base· ✓ Closed at 25:12 · 27t walls · 1 gate(s)
Smoothed initial terrain · ◌ = detected wall gap · hover for details
Inputs per minute
— DGHIR | Lukera - - pierrehusson
Build order — DGHIR | Lukera
First 150 of 486 actions detected
| 0:01 | Queue | Villager (Male) |
| 0:01 | Queue | Villager (Male) |
| 0:02 | Queue | Villager (Male) |
| 0:03 | Build | House |
| 0:05 | Build | House |
| 0:10 | Queue | Villager (Male) |
| 0:11 | Queue | Villager (Male) |
| 1:20 | Queue | Villager (Male) |
| 1:58 | Build | Lumber Camp |
| 2:09 | Queue | Villager (Male) |
| 2:09 | Queue | Villager (Male) |
| 2:09 | Queue | Villager (Male) |
| 2:49 | Queue | Villager (Male) |
| 3:06 | Queue | Villager (Male) |
| 3:46 | Queue | Villager (Male) |
| 3:47 | Queue | Villager (Male) |
| 3:53 | Build | House |
| 3:54 | Queue | Villager (Male) |
| 3:54 | Queue | Villager (Male) |
| 4:40 | Build | Barracks |
| 4:43 | Queue | Villager (Male) |
| 4:43 | Queue | Villager (Male) |
| 4:45 | Queue | Villager (Male) |
| 4:55 | Build | Palisade Wall |
| 4:57 | Build | Palisade Wall |
| 4:59 | Build | Palisade Wall |
| 5:19 | Queue | Villager (Male) |
| 5:49 | Queue | Villager (Male) |
| 6:02 | Build | House |
| 6:04 | Queue | Villager (Male) |
| 6:16 | Queue | Villager (Male) |
| 6:30 | Queue | Militia |
| 6:31 | Queue | Militia |
| 6:31 | Queue | Militia |
| 6:31 | Queue | Militia |
| 6:51 | Queue | Villager (Male) |
| 6:57 | Build | Mill |
| 7:12 | Build | House |
| 7:26 | Queue | Villager (Male) |
| 7:34 | Research | Loom |
| 7:47 | Build | Palisade Wall |
| 7:48 | Build | Palisade Wall |
| 7:49 | Build | Palisade Wall |
| 8:20 | Queue | Villager (Male) |
| 8:38 | Build | Palisade Wall |
| 8:50 | Queue | Villager (Male) |
| 8:56 | Build | Palisade Wall |
| 9:00 | Build | Palisade Wall |
| 9:47 | Research | Feudal Age |
| 9:57 | Queue | Villager (Male) |
| 10:01 | Build | Mining Camp |
| 10:49 | Queue | Militia ×3 |
| 11:14 | Build | Mill |
| 11:23 | Build | House |
| 11:57 | Age | Feudal Age |
| 12:00 | Research | Man-at-Arms (upgrade) |
| 12:04 | Queue | Villager (Male) |
| 12:09 | Build | Archery Range |
| 12:11 | Research | Double-Bit Axe |
| 12:14 | Build | House |
| 12:16 | Build | Palisade Wall |
| 12:25 | Build | Farm |
| 12:28 | Build | Farm |
| 12:55 | Queue | Villager (Male) |
| 12:58 | Build | Farm |
| 13:00 | Build | Farm |
| 13:02 | Build | Farm |
| 13:17 | Build | House |
| 13:21 | Build | House |
| 13:31 | Build | House |
| 13:38 | Build | House |
| 13:45 | Build | Palisade Wall |
| 13:49 | Queue | Archer |
| 13:49 | Queue | Archer |
| 13:51 | Build | Farm |
| 13:53 | Build | Farm |
| 13:53 | Queue | Villager (Male) |
| 14:13 | Queue | Villager (Male) |
| 14:15 | Queue | Villager (Male) |
| 14:22 | Queue | Archer |
| 14:22 | Queue | Archer |
| 14:47 | Queue | Villager (Male) |
| 14:52 | Queue | Villager (Male) |
| 14:55 | Build | Blacksmith |
| 14:57 | Queue | Villager (Male) |
| 15:22 | Queue | Archer |
| 15:22 | Queue | Archer |
| 15:38 | Queue | Villager (Male) |
| 15:53 | Research | Fletching |
| 15:56 | Build | Farm |
| 15:57 | Build | Farm |
| 15:58 | Build | Farm |
| 15:59 | Queue | Villager (Male) |
| 16:03 | Queue | Villager (Male) |
| 16:18 | Build | House |
| 16:22 | Queue | Villager (Male) |
| 16:48 | Queue | Villager (Male) |
| 16:51 | Queue | Archer |
| 16:51 | Queue | Archer |
| 16:53 | Queue | Villager (Male) |
| 16:58 | Build | Farm |
| 16:59 | Build | Farm |
| 17:10 | Queue | Villager (Male) |
| 17:10 | Queue | Villager (Male) |
| 17:23 | Queue | Villager (Male) |
| 17:38 | Queue | Villager (Male) |
| 17:52 | Build | House |
| 17:59 | Queue | Villager (Male) |
| 18:06 | Queue | Villager (Male) |
| 18:21 | Queue | Archer |
| 18:30 | Build | Palisade Gate |
| 18:31 | Queue | Villager (Male) |
| 18:37 | Queue | Villager (Male) |
| 18:42 | Build | Farm |
| 18:43 | Build | Farm |
| 18:49 | Build | Market |
| 18:50 | Build | House |
| 18:54 | Build | House |
| 18:58 | Build | Palisade Wall |
| 19:01 | Queue | Villager (Male) |
| 19:06 | Build | Farm |
| 19:29 | Build | Farm |
| 19:29 | Build | Farm |
| 19:50 | Queue | Villager (Male) |
| 19:51 | Queue | Archer |
| 19:52 | Queue | Archer |
| 20:24 | Research | Castle Age |
| 20:29 | Build | House |
| 20:34 | Build | Palisade Wall |
| 20:51 | Build | Archery Range |
| 20:56 | Research | Horse Collar |
| 20:57 | Research | Gold Mining |
| 21:04 | Build | Farm |
| 21:07 | Build | Farm |
| 21:08 | Build | Farm |
| 21:10 | Queue | Archer |
| 21:12 | Queue | Villager (Male) |
| 21:18 | Queue | Archer |
| 21:18 | Queue | Archer |
| 21:21 | Queue | Eagle Scout |
| 21:22 | Queue | Eagle Scout |
| 21:24 | Research | Scale Mail Armor |
| 21:29 | Build | Farm |
| 21:41 | Build | Palisade Wall |
| 22:06 | Queue | Archer |
| 22:06 | Queue | Archer |
| 22:06 | Queue | Archer |
| 22:10 | Queue | Eagle Scout |
| 22:33 | Research | Padded Archer Armor |
| 22:40 | Queue | Villager (Male) |
Build order — pierrehusson
First 150 of 282 actions detected
| 0:01 | Queue | Villager (Male) ×4 |
| 0:03 | Build | House |
| 0:06 | Build | House |
| 1:27 | Build | Lumber Camp |
| 1:30 | Queue | Villager (Male) |
| 1:30 | Queue | Villager (Male) |
| 1:30 | Queue | Villager (Male) |
| 1:30 | Queue | Villager (Male) |
| 2:04 | Queue | Villager (Male) |
| 2:04 | Queue | Villager (Male) |
| 2:04 | Queue | Villager (Male) |
| 2:24 | Queue | Villager (Male) |
| 2:24 | Queue | Villager (Male) |
| 2:24 | Queue | Villager (Male) |
| 2:49 | Queue | Villager (Male) |
| 2:50 | Queue | Villager (Male) |
| 2:50 | Queue | Villager (Male) |
| 3:12 | Queue | Villager (Male) |
| 3:13 | Queue | Villager (Male) |
| 3:38 | Queue | Villager (Male) |
| 3:39 | Queue | Villager (Male) |
| 3:39 | Queue | Villager (Male) |
| 3:52 | Build | House |
| 4:04 | Queue | Villager (Male) |
| 4:24 | Build | Mill |
| 4:38 | Queue | Villager (Male) |
| 4:38 | Queue | Villager (Male) |
| 4:38 | Queue | Villager (Male) |
| 4:38 | Queue | Villager (Male) |
| 5:04 | Queue | Villager (Male) |
| 5:38 | Queue | Villager (Male) |
| 5:59 | Build | House |
| 6:01 | Build | Barracks |
| 6:10 | Queue | Villager (Male) |
| 6:49 | Build | House |
| 7:03 | Research | Loom |
| 7:33 | Research | Feudal Age |
| 7:46 | Build | Mining Camp |
| 8:07 | Queue | Militia |
| 8:07 | Queue | Militia |
| 8:08 | Queue | Militia |
| 8:27 | Queue | Militia |
| 8:59 | Queue | Militia |
| 9:43 | Age | Feudal Age |
| 9:57 | Research | Man-at-Arms (upgrade) |
| 10:03 | Queue | Villager (Male) |
| 10:05 | Build | Mill |
| 10:08 | Research | Double-Bit Axe |
| 10:18 | Queue | Villager (Male) |
| 10:23 | Build | House |
| 10:41 | Build | House |
| 10:44 | Build | House |
| 10:50 | Queue | Villager (Male) |
| 11:09 | Build | Palisade Wall |
| 11:13 | Queue | Villager (Male) |
| 11:39 | Build | Palisade Wall |
| 11:45 | Build | Palisade Wall |
| 11:47 | Queue | Villager (Male) |
| 12:14 | Build | Archery Range |
| 12:16 | Queue | Villager (Male) |
| 12:21 | Queue | Militia |
| 12:21 | Queue | Militia |
| 12:37 | Queue | Villager (Male) |
| 12:51 | Build | Farm |
| 12:52 | Build | Farm |
| 13:03 | Queue | Villager (Male) |
| 13:10 | Build | House |
| 13:12 | Build | House |
| 13:33 | Queue | Villager (Male) |
| 13:35 | Queue | Villager (Male) |
| 13:36 | Build | Farm |
| 13:56 | Queue | Villager (Male) |
| 13:59 | Queue | Archer |
| 13:59 | Queue | Archer |
| 14:11 | Build | House |
| 14:14 | Queue | Villager (Male) |
| 14:25 | Research | Arson |
| 14:39 | Build | Blacksmith |
| 14:58 | Build | Lumber Camp |
| 15:11 | Queue | Villager (Male) |
| 15:25 | Queue | Archer |
| 15:26 | Queue | Villager (Male) |
| 15:35 | Queue | Villager (Male) |
| 15:45 | Queue | Militia |
| 15:52 | Build | Farm |
| 15:53 | Build | Farm |
| 15:54 | Build | Farm |
| 15:58 | Build | Farm |
| 16:00 | Build | Farm |
| 16:18 | Build | Farm |
| 16:20 | Build | Farm |
| 16:24 | Queue | Archer |
| 16:31 | Queue | Villager (Male) |
| 16:31 | Queue | Villager (Male) |
| 16:37 | Queue | Villager (Male) |
| 17:05 | Queue | Villager (Male) |
| 17:08 | Build | Farm |
| 17:29 | Queue | Villager (Male) |
| 17:34 | Build | Farm |
| 17:35 | Build | Farm |
| 17:49 | Research | Fletching |
| 17:52 | Build | Farm |
| 18:08 | Queue | Villager (Male) |
| 18:11 | Build | Farm |
| 18:12 | Build | Farm |
| 18:12 | Build | Farm |
| 18:12 | Build | Farm |
| 18:16 | Queue | Skirmisher |
| 18:16 | Queue | Skirmisher |
| 18:45 | Build | Farm |
| 18:47 | Queue | Villager (Male) |
| 18:47 | Queue | Villager (Male) |
| 18:53 | Build | Farm |
| 19:01 | Build | Farm |
| 19:11 | Build | Palisade Gate |
| 19:16 | Queue | Skirmisher |
| 19:17 | Queue | Skirmisher |
| 19:29 | Queue | Villager (Male) |
| 19:50 | Build | Farm |
| 19:56 | Research | Padded Archer Armor |
| 19:57 | Queue | Villager (Male) |
| 19:59 | Queue | Villager (Male) |
| 20:22 | Queue | Skirmisher |
| 20:22 | Queue | Skirmisher |
| 20:22 | Queue | Villager (Male) |
| 20:39 | Research | Wheelbarrow |
| 21:47 | Queue | Skirmisher |
| 21:47 | Queue | Skirmisher |
| 21:56 | Build | Palisade Wall |
| 22:00 | Build | House |
| 22:01 | Build | House |
| 22:07 | Research | Castle Age |
| 22:26 | Research | Horse Collar |
| 22:36 | Queue | Skirmisher |
| 22:37 | Queue | Skirmisher |
| 22:55 | Build | Barracks |
| 23:04 | Build | Barracks |
| 23:09 | Build | Farm |
| 23:12 | Build | Farm |
| 23:14 | Queue | Militia ×5 |
| 23:24 | Build | Lumber Camp |
| 23:36 | Build | Watch Tower |
| 23:50 | Build | House |
| 23:52 | Build | House |
| 23:54 | Build | House |
| 24:37 | Research | Scale Mail Armor |
| 24:49 | Queue | Militia |
| 24:49 | Queue | Militia |
| 25:12 | Age | Castle Age |
| 25:21 | Research | Long Swordsman (upgrade) |
Match timeline
| 4:40 | DGHIR | Lukera · first_building Barracks |
| 4:55 | DGHIR | Lukera · wall_segment Palisade Wall x1 |
| 4:57 | DGHIR | Lukera · wall_segment Palisade Wall x1 |
| 4:59 | DGHIR | Lukera · wall_segment Palisade Wall x1 |
| 6:01 | pierrehusson · first_building Barracks |
| 7:47 | DGHIR | Lukera · wall_segment Palisade Wall x1 |
| 7:48 | DGHIR | Lukera · wall_segment Palisade Wall x1 |
| 7:49 | DGHIR | Lukera · wall_segment Palisade Wall x1 |
| 8:38 | DGHIR | Lukera · wall_segment Palisade Wall x15 |
| 8:56 | DGHIR | Lukera · wall_segment Palisade Wall x7 |
| 9:00 | DGHIR | Lukera · wall_segment Palisade Wall x8 |
| 9:43 | pierrehusson · age_up feudal |
| 11:09 | pierrehusson · wall_segment Palisade Wall x8 |
| 11:39 | pierrehusson · wall_segment Palisade Wall x7 |
| 11:45 | pierrehusson · wall_segment Palisade Wall x11 |
| 11:57 | DGHIR | Lukera · age_up feudal |
| 12:09 | DGHIR | Lukera · first_building Archery Range |
| 12:14 | pierrehusson · first_building Archery Range |
| 12:16 | DGHIR | Lukera · wall_segment Palisade Wall x8 |
| 13:45 | DGHIR | Lukera · wall_segment Palisade Wall x1 |
| 18:58 | DGHIR | Lukera · wall_segment Palisade Wall x1 |
| 20:34 | DGHIR | Lukera · wall_segment Palisade Wall x1 |
| 21:41 | DGHIR | Lukera · wall_segment Palisade Wall x2 |
| 21:56 | pierrehusson · wall_segment Palisade Wall x1 |
| 23:14 | DGHIR | Lukera · age_up castle |
| 24:00 | DGHIR | Lukera · first_building Siege Workshop |
| 24:58 | DGHIR | Lukera · first_market_buy 100 wood |
| 25:12 | pierrehusson · age_up castle |
| 26:37 | DGHIR | Lukera · first_building Monastery |
| 27:47 | pierrehusson · first_building Siege Workshop |
| 32:22 | DGHIR | Lukera · first_building Castle |
| 37:08 | pierrehusson · first_market_sell 100 food |
| 40:48 | pierrehusson · age_up imperial |
| 41:11 | pierrehusson · first_market_buy 100 stone |
| 42:21 | pierrehusson · first_building Castle |
| 43:21 | DGHIR | Lukera · age_up imperial |
| 43:34 | pierrehusson · resign |
[ AI ANALYSIS · 1 CREDIT ]
What really happened in this match?
Wolo.gg analyzes every decision: build order, eco, micro, common mistakes by bracket. Personalized analysis on WhatsApp or Discord in 30 seconds.
Civ guide
Aztecs
Perfil
DGHIR | Lukera